 Dungeon Crawl Stone Soup version 0.25.1-2-g60ff931df9 (webtiles) character file.

Game seed: 18167455826413309501

336908 Curus the Slayer (level 21, -17/152 HPs)
             Began as a Gargoyle Gladiator on Oct 6, 2020.
             Was the Champion of Okawaru.
             Demolished by a juggernaut (41 damage)
             ... on level 2 of the Depths on Oct 7, 2020.
             The game lasted 05:32:13 (41334 turns).

Curus the Slayer (Gargoyle Gladiator)              Turns: 41334, Time: 05:32:13

Health: -17/152    AC: 46    Str: 20    XL:     21   Next: 90%
Magic:  25/25      EV: 15    Int: 10    God:    Okawaru [******]
Gold:   3816       SH: 14    Dex: 18    Spells: 20/20 levels left

rFire    + + .     SeeInvis +   B - +4 demon whip (elec)
rCold    + . .     Gourm    .   O - +0 kite shield
rNeg     + + .     Faith    .   J - +0 fire dragon scales
rPois    ∞         Spirit   .   U - +2 hat {SInv}
rElec    +         Reflect  .   V - +3 cloak of Loss {*Corrode +Blink rPois rC+}
rCorr    +         Harm     .   c - +1 pair of gloves "Xoasigiap" {rElec rC+}
MR       +....                  s - +0 pair of boots
Stlth    ++........             b - amulet of regeneration
HPRegen  1.15/turn              D - ring of resist corrosion
MPRegen  0.19/turn              I - ring of Remolat {rN+ Stlth+}

@: about to teleport, heroism, flying
A: big wings, low mp 1, negative energy resistance 1, regeneration 1,
electricity resistance, unbreathing, petrification resistance, rot immunity,
MP-powered wands, AC +16
}: 2/15 runes: decaying, gossamer
a: Stop Flying, Heroism, Finesse, Renounce Religion, Evoke Blink


You were on level 2 of the Depths.
You worshipped Okawaru.
Okawaru was exalted by your worship.
You were hungry.

You visited 8 branches of the dungeon, and saw 38 of its levels.
You also visited: Gauntlet.

You collected 4982 gold pieces.
You spent 1166 gold pieces at shops.

Inventory:

Hand Weapons
 j - a +3 eveningstar of flaming
 q - a +7 halberd of flaming
 y - a +4 eveningstar
 B - a +4 demon whip of electrocution (weapon)
Missiles
 d - 4 throwing nets (quivered)
Armour
 c - the +1 pair of gloves "Xoasigiap" (worn) {rElec rC+}
   (You found it in a Gauntlet)

   It protects you from cold.
   It insulates you from electricity.
 e - a +1 plate armour of fire resistance
 s - a +0 pair of boots (worn)
 J - +0 fire dragon scales (worn)
 O - a +0 kite shield (worn)
 U - a +2 hat of see invisible (worn)
 V - the +3 cloak of Loss (worn) {*Corrode +Blink rPois rC+}
   (Okawaru gifted it to you on level 4 of the Lair of Beasts)

   It protects you from cold.
   It protects you from poison.
   It lets you blink.
   It may corrode you when you take damage.
 Y - a scarf of repulsion
Jewellery
 a - a +4 ring of protection
 b - an amulet of regeneration (around neck)
 g - an uncursed ring of protection from fire
 D - a ring of resist corrosion (left hand)
 I - the ring of Remolat (right hand) {rN+ Stlth+}
   (You found it on level 3 of the Vaults)

   [ring of positive energy]

   It protects you from negative energy.
   It makes you more stealthy.
 K - an uncursed amulet of reflection
 M - an uncursed ring of protection from cold
 N - an uncursed ring of protection from cold
 R - an uncursed ring of protection from cold
 S - an uncursed ring of magical power
Wands
 m - a wand of digging (3)
 v - a wand of flame (69)
 z - a wand of polymorph (43)
 E - a wand of disintegration (20)
 F - a wand of enslavement (14)
 H - a wand of acid (30)
 P - a wand of clouds (6)
 Q - a wand of paralysis (27)
 Z - a wand of iceblast (12)
Scrolls
 k - 2 scrolls of silence
 n - 23 scrolls of identify
 p - 6 scrolls of magic mapping
 t - 6 scrolls of blinking
 w - 20 scrolls of teleportation
 x - 18 scrolls of remove curse
 A - a scroll of summoning
 G - 2 scrolls of fear
 W - 7 scrolls of fog
Potions
 h - 7 potions of ambrosia
 i - 8 potions of curing
 r - 4 potions of heal wounds
 u - 9 potions of haste
 L - 3 potions of might
 T - 4 potions of cancellation
Miscellaneous
 o - a phial of floods
 C - a phantom mirror
 X - 2 boxes of beasts
Comestibles
 f - 67 rations
 l - 3 chunks of flesh


   Skills:
 + Level 22.7(27) Fighting
 - Level 16.0(21.0) Maces & Flails
 - Level 1.7(6.7) Throwing
 + Level 22.6(27) Armour
 - Level 2.4(7.4) Dodging
 - Level 10.0(15.0) Shields
 - Level 7.9 Invocations
 - Level 9.9 Evocations


You had 20 spell levels left.
You didn't know any spells.
Your spell library contained the following spells:

 Spells                   Type           Power        Failure   Level  Hunger
 Animate Skeleton         Necr           N/A          54%         1    ##.....
 Corona                   Hex            #......      54%         1    ##.....
 Foxfire                  Conj/Fire      #...         54%         1    ##.....
 Infusion                 Chrm           #...         54%         1    ##.....
 Pain                     Necr           #...         54%         1    ##.....
 Corpse Rot               Necr/Air       N/A          67%         2    ###....
 Ensorcelled Hibernation  Hex/Ice        #.....       67%         2    ###....
 Passwall                 Tmut/Erth      #.......     67%         2    ###....
 Shroud of Golubria       Chrm/Tloc      #.....       67%         2    ###....
 Song of Slaying          Chrm           #.......     67%         2    ###....
 Swiftness                Chrm/Air       #.......     67%         2    ###....
 Confusing Touch          Hex            #.......     88%         3    ####...
 Conjure Flame            Conj/Fire      #.......     88%         3    ####...
 Dazzling Flash           Conj/Hex       #.....       88%         3    ####...
 Gell's Gravitas          Tloc           #.........   88%         3    ####...
 Ignite Poison            Fire/Tmut/Pois #.......     88%         3    ####...
 Inner Flame              Hex/Fire       #.......     88%         3    ####...
 Ozocubu's Armour         Chrm/Ice       #.......     88%         3    ####...
 Spectral Weapon          Hex/Chrm       #.......     88%         3    ####...
 Static Discharge         Conj/Air       #.......     88%         3    ####...
 Stone Arrow              Conj/Erth      #.....       88%         3    ####...
 Tukima's Dance           Hex            #.......     88%         3    ####...
 Vampiric Draining        Necr           #.........   88%         3    ####...
 Animate Dead             Necr           N/A          99%         4    #####..
 Cause Fear               Hex            #.........   99%         4    #####..
 Passage of Golubria      Tloc           N/A          99%         4    #####..
 Petrify                  Tmut/Erth      #.......     99%         4    #####..
 Sticky Flame             Conj/Fire      #.......     99%         4    #####..
 Agony                    Necr           #.......     100%        5    ######.
 Alistair's Intoxication  Tmut/Pois      #.......     100%        5    ######.
 Bolt of Magma            Conj/Fire/Erth #.........   100%        5    ######.
 Fireball                 Conj/Fire      #.........   100%        5    ######.
 Irradiate                Conj/Tmut      #.........   100%        5    ######.
 Iskenderun's Battlesphe  Conj/Chrm      #.......     100%        5    ######.
 Lee's Rapid Deconstruct  Erth           #.........   100%        5    ######.
 Lightning Bolt           Conj/Air       #.........   100%        5    ######.
 Metabolic Englaciation   Hex/Ice        #.........   100%        5    ######.
 Silence                  Hex/Air        #.........   100%        5    ######.
 Summon Forest            Summ/Tloc      #.........   100%        5    ######.
 Yara's Violent Unravell  Hex/Tmut       #.........   100%        5    ######.
 Darkness                 Hex            #.........   100%        6    #######
 Eringya's Noxious Bog    Tmut/Pois      #.........   100%        6    #######
 Hydra Form               Tmut           #.........   100%        6    #######
 Invisibility             Hex            #.......     100%        6    #######
 Iron Shot                Conj/Erth      #.........   100%        6    #######
 Dragon Form              Tmut           #.........   100%        7    #######
 Orb of Destruction       Conj           #.........   100%        7    #######
 Spellforged Servitor     Conj/Summ      #.........   100%        7    #######
 Summon Hydra             Summ           #.........   100%        7    #######
 Discord                  Hex            #.........   100%        8    #######
 Ignition                 Fire           #.........   100%        8    #######
 Shatter                  Erth           #.........   100%        9    #######
 Tornado                  Air            #.........   100%        9    #######
 Sublimation of Blood     Necr           Unusable     N/A         2    N/A

Dungeon Overview and Level Annotations

Branches:
Dungeon (15/15)            Temple (1/1) D:4            Lair (6/6) D:11
  Swamp (4/4) Lair:4       Spider (4/4) Lair:2        Slime (0/5) Lair:5
    Orc (2/2) D:11            Elf (0/3) Orc:2        Vaults (4/5) D:13
  Crypt (0/3) Vaults:3     Depths (1/5) D:15        Gauntlet (visited)

Altars:
Ashenzari
Cheibriados
Dithmenos
Fedhas
Gozag
Kikubaaqudgha
Makhleb
Nemelex Xobeh
Okawaru
Qazlal
Ru
Sif Muna
Trog
Uskayaw
Vehumet
Wu Jian
Yredelemnul
Zin
The Shining One
Beogh

Shops:
D:10 :   D:14 }   Orc:2 =?*((   Vaults:1 !

Portals:
Hell: Depths:2
Trove: D:10 (show abyssal rune of Zot)

Annotations:
Vaults:1 2 runed translucent doors, Noofui's ghost, adept GnWz; SlowGraham's ghost, legendary KoMo


Innate Abilities, Weirdness & Mutations

You are resistant to torment.
Your stone body is resilient. (AC +16)
You are immune to poison.
Your large and strong wings let you fly indefinitely.
You resist negative energy. (rN+)
You are resistant to electric shocks. (rElec)
You can survive without breathing.
You are immune to petrification.
You are immune to rotting.
Your magical capacity is low. (-10% MP)
Your natural rate of healing is unusually fast.
You expend magic power (3 MP) to strengthen your wands.


Message History

The wizard looks frightened!
The caustic shrike looks frightened!
The sphinx looks frightened!
The tengu warrior looks frightened!
The ice dragon looks frightened!
The ogre mage looks frightened!
The great orb of eyes resists with almost no effort.
The fire dragon looks frightened!
The ogre mage resists with almost no effort.
The two-headed ogre looks frightened! x2; The sphinx looks frightened!
The hellwing is unaffected.
You are no longer corroded.
You block the ogre mage's attack.
The ogre mage mumbles some strange words.
The ogre mage blinks!
The ogre mage closely misses you.
As you read the scroll of teleportation, it crumbles to dust.
You feel strangely unstable. You block the ogre mage's attack.
A stone giant comes into view.
An iron dragon comes into view.
You hit the ogre mage.
The ogre mage is moderately wounded.
The juggernaut hits you!!!
You die...

#..#†.# p.. ..
###.#####.### #.#
#..(..#..y.D#...
.#..(..#OD...#p#
#....O.OOO.#.D..#
###....i#....b#
#.....#.O4c.#
###.#####C#####C#
.....∩..@O^.(...
###!....######...
...... ...#. >.
#. . #


You could see a juggernaut, an iron dragon, a caustic shrike (fleeing), a fire
dragon (fleeing), an ice dragon (fleeing), a stone giant, 3 two-headed ogres, an
ogre mage (fast), a hellwing (summoned), a yaktaur, a wizard (fast, fleeing) and
an ogre.

Vanquished Creatures
  Arachne (Spider:2)
  Jorgrun (Swamp:3)
  The ghost of Nycid the Markscentaur, an adept CeHu of Okawaru (Spider:1)
  A sphinx (Vaults:3)
  The ghost of Miweyn Golekk the Blocker, an adept GnFi of Okawaru (Swamp:1)
  A thorn hunter (Swamp:4)
  Gastronok (Lair:3)
  2 tengu reavers
  A shadow dragon (Vaults:4)
  Donald (Swamp:2)
  A fire giant (Depths:1)
  2 orc warlords (Orc:2)
  4 frost giants
  12 vault wardens
  5 emperor scorpions (Spider:4)
  The ghost of nyroko the Destroyer, an adept DsCj of Vehumet (Swamp:1)
  2 ghost moths (Spider:4)
  A curse skull (Vaults:3)
  10 ironheart preservers
  3 entropy weavers
  4 stone giants
  A minotaur (Gauntlet)
  A dire elephant (Gauntlet)
  Nessos (D:14)
  3 spark wasps
  2 ettins
  3 fire dragons
  A great orb of eyes (Vaults:2)
  Fannar (D:11)
  Josephine (D:14)
  3 yaktaur captains
  4 ice dragons
  31 hydras
  A catoblepas (Lair:2)
  A hell beast (Gauntlet)
  A rakshasa (Vaults:1)
  5 vault guards
  Erica (D:8)
  7 centaur warriors
  2 ghost crabs
  13 alligators
  5 death knights
  2 anacondas (Lair:4)
  69 two-headed ogres
  A queen ant (shapeshifter) (Vaults:2)
  3 tengu warriors
  3 shambling mangroves (Swamp:4)
  19 ogre magi
  A death yak (Lair:2)
  2 deep troll earth magi
  A deep troll shaman (Vaults:4)
  A vampire mage (Vaults:3)
  Urug (D:10)
  A spriggan berserker (Depths:2)
  Sonja (D:13)
  A deep elf knight (Vaults:2)
  A storm dragon skeleton (Vaults:3)
  A skeletal warrior (D:14)
  13 deep trolls
  2 shadow wraiths
  2 unseen horrors
  A spriggan druid (Swamp:4)
  2 glowing orange brains (Vaults:4)
  A wizard (Vaults:1)
  7 swamp dragons
  A flayed ghost (Vaults:1)
  A lindwurm (Lair:6)
  3 wolf spider zombies
  4 phantasmal warriors
  19 orc knights
  15 orb spiders
  A harpy (shapeshifter) (D:13)
  2 orc sorcerers
  14 ironbrand convokers
  5 necromancers
  5 harpies (Vaults:4)
  A tengu zombie (Vaults:2)
  A wolf spider (shapeshifter) (Vaults:3)
  18 ugly things
  5 deep elf magi
  12 cyclopes
  23 slime creatures
  41 wolf spiders
  15 elephants
  12 vault sentinels
  A manticore (D:11)
  A guardian serpent (shapeshifter) (Vaults:1)
  10 black mambas
  8 centaur zombies
  3 moths of wrath
  2 black mambas (shapeshifter)
  A water nymph (shapeshifter) (D:15)
  4 torpor snails
  2 molten gargoyles (Lair:6)
  A stone giant skeleton (Vaults:2)
  4 centaur skeletons
  4 gargoyles
  14 spiny frogs
  2 naga magi (D:15)
  A yaktaur zombie (Vaults:3)
  3 rime drakes
  A minotaur zombie (Gauntlet)
  23 yaktaurs
  A kobold demonologist (D:14)
  7 freezing wraiths
  12 demonic crawlers
  10 komodo dragons
  An efreet (D:13)
  A yaktaur (shapeshifter) (Vaults:1)
  2 human skeletons (Vaults:2)
  2 tengu conjurers (D:15)
  5 trolls
  37 jumping spiders
  8 tyrant leeches
  A polar bear (shapeshifter) (Vaults:3)
  3 meliai (D:14)
  A sphinx simulacrum (Vaults:2)
  3 polar bears
  10 bog bodies
  Grinder (D:5)
  9 dream sheep (Lair:5)
  11 hippogriffs
  11 blink frogs
  A meliai zombie (D:15)
  17 hornets
  2 stone giant simulacra
  Sigmund (D:3)
  A fire giant simulacrum (Vaults:2)
  2 centaur simulacra (D:15)
  41 tarantellas
  5 spriggans
  3 shadows
  7 wraiths
  A shapeshifter (D:13)
  11 basilisks
  83 redbacks
  64 yaks
  A vampire (D:15)
  A hog (shapeshifter) (D:13)
  5 wyverns
  A human (D:10)
  A golden eye (shapeshifter) (Vaults:2)
  2 steam dragons
  3 hungry ghosts
  11 vampire mosquitoes
  4 wargs
  4 soldier ants
  A soldier ant (shapeshifter) (D:13)
  2 acid dragons
  14 swamp worms
  6 porcupines
  Duvessa (D:7)
  17 insubstantial wisps (Swamp:1)
  22 water moccasins
  5 hell hounds
  10 swamp drakes
  An orc zombie (Vaults:2)
  2 sky beasts
  An eye of draining (D:13)
  52 orc warriors
  A hornet zombie (D:9)
  6 ice beasts
  5 phantoms
  13 boggarts
  An ogre (shapeshifter) (D:13)
  4 black bears
  22 wolves
  A boggart (shapeshifter) (D:13)
  49 ogres
  12 centaurs
  9 crocodiles
  4 big kobolds
  13 bullfrogs
  A gnoll sergeant (D:7)
  A wyvern zombie (D:11)
  A glowing shapeshifter simulacrum (Vaults:3)
  A hornet simulacrum (D:15)
  Dowan (D:7)
  3 scorpions
  A wyvern skeleton (D:7)
  11 killer bees
  8 howler monkeys
  6 electric eels
  29 wights
  5 lava snakes (Lair:6)
  8 crimson imps
  2 bullfrog zombies
  2 human zombies
  6 jellies
  A quasit (D:11)
  2 yaktaur simulacra
  8 hounds
  28 orc priests
  24 orc wizards
  3 bullfrog skeletons
  2 iguanas
  6 hell rats (Lair:4)
  13 worker ants
  Terence (D:2)
  2 hound zombies
  2 worker ant zombies
  11 gnolls
  A howler monkey skeleton (D:4)
  13 adders
  2 shadow imps
  5 oozes
  An adder skeleton (D:6)
  3 adder zombies
  6 worms
  3 dart slugs
  6 leopard geckos
  107 orcs
  7 bats
  5 giant cockroaches
  13 hobgoblins
  12 jackals
  19 kobolds
  2 quokkas
  5 frilled lizards
  5 goblins
  A jackal skeleton (D:7)
  A jackal zombie (D:10)
  A leopard gecko skeleton (D:6)
  2 leopard gecko zombies
  2 quokka skeletons
  7 rats
  A briar patch (Swamp:4)
1664 creatures vanquished.

Vanquished Creatures (collateral kills)
  A thorn hunter (Swamp:4)
  A bog body (Swamp:4)
  A swamp worm (Swamp:4)
3 creatures vanquished.

Vanquished Creatures (others)
  A spriggan druid (Swamp:3)
  A jumping spider (Spider:4)
  A tyrant leech (Swamp:1)
  3 dream sheep (Lair:5)
  2 swamp drakes (Swamp:4)
  An ogre (Vaults:4)
  A human (D:3)
  2 orcs
  9 fungi
  11 plants
  4 withered plants (Swamp:1)
36 creatures vanquished.

Grand Total: 1703 creatures vanquished

Notes
Turn   | Place    | Note
-------+----------+-------------------------------------------
     0 | D:1      | Curus the Gargoyle Gladiator began the quest for the Orb.
     0 | D:1      | Reached XP level 1. HP: 12/12 MP: 1/1
   437 | D:1      | Reached XP level 2. HP: 17/17 MP: 2/2
   455 | D:1      | Gained mutation: You tend to lose your temper in combat.
                  | [potion of mutation]
   455 | D:1      | Gained mutation: Scrolls take you a little longer to read.
                  | [potion of mutation]
   455 | D:1      | Gained mutation: You are covered in fur. (AC +1) [potion of
                  | mutation]
  1131 | D:1      | Lost mutation: You tend to lose your temper in combat.
                  | [potion of mutation]
  1131 | D:1      | Lost mutation: Scrolls take you a little longer to read.
                  | [potion of mutation]
  1131 | D:1      | Gained mutation: Your body sometimes deteriorates upon
                  | taking damage. [potion of mutation]
  1131 | D:1      | Gained mutation: You are clumsy. (Dex -2) [potion of
                  | mutation]
  1131 | D:1      | Gained mutation: Your natural rate of healing is unusually
                  | fast. [potion of mutation]
  1131 | D:1      | Gained mutation: You have a pair of small horns on your
                  | head. [potion of mutation]
  1202 | D:2      | Reached XP level 3. HP: 21/21 MP: 3/3
  1349 | D:2      | Noticed Terence
  1355 | D:2      | Killed Terence
  1355 | D:2      | Reached XP level 4. HP: 26/26 MP: 4/4
  1548 | D:2      | Reached skill level 5 in Maces & Flails
  1717 | D:1      | Lost mutation: You are clumsy. (Dex -2) [potion of
                  | mutation]
  1717 | D:1      | Lost mutation: Your body sometimes deteriorates upon taking
                  | damage. [potion of mutation]
  1717 | D:1      | Lost mutation: You have a pair of small horns on your head.
                  | [potion of mutation]
  1717 | D:1      | Lost mutation: You are covered in fur. (AC +1) [potion of
                  | mutation]
  1717 | D:1      | Gained mutation: Your magical capacity is low. (-10% MP)
                  | [potion of mutation]
  1717 | D:1      | Gained mutation: You expend magic power (3 MP) to
                  | strengthen your wands. [potion of mutation]
  1835 | D:2      | Reached XP level 5. HP: 30/30 MP: 4/4
  2309 | D:3      | Found an ancient bone altar of Kikubaaqudgha.
  2689 | D:3      | Noticed Sigmund
  2734 | D:3      | Killed Sigmund
  2734 | D:3      | Reached XP level 6. HP: 35/35 MP: 5/5
  3159 | D:3      | Noticed a human
  3161 | D:3      | Killed a human
  3216 | D:4      | Reached XP level 7. HP: 38/40 MP: 6/6
  3458 | D:4      | Found an opulent altar of Gozag.
  3954 | D:4      | Found a staircase to the Ecumenical Temple.
  4001 | D:4      | Reached XP level 8. HP: 41/44 MP: 7/7
  4012 | Temple   | Entered the Ecumenical Temple
  4052 | Temple   | Became a worshipper of Warmaster Okawaru
  4479 | D:5      | Entered Level 5 of the Dungeon
  4524 | D:5      | Reached skill level 10 in Maces & Flails
  4839 | D:5      | Reached * piety under Okawaru
  4863 | D:5      | Noticed Grinder
  4867 | D:5      | Paralysed by Grinder for 5 turns
  4878 | D:5      | Killed Grinder
  4878 | D:5      | Reached XP level 9. HP: 48/48 MP: 8/8
  4928 | D:5      | Found a radiant altar of Vehumet.
  5007 | D:5      | Found a burning altar of Makhleb.
  5014 | D:5      | Noticed an Executioner
  5018 | D:5      | Noticed a smoke demon
  5830 | D:6      | Reached ** piety under Okawaru
  6268 | D:7      | Noticed Duvessa
  6268 | D:7      | Noticed Dowan
  6279 | D:7      | Killed Duvessa
  6289 | D:7      | Killed Dowan
  6562 | D:7      | Found a bloodstained altar of Trog.
  6921 | D:8      | Reached *** piety under Okawaru
  7078 | D:8      | Reached XP level 10. HP: 35/53 MP: 9/9
  7125 | D:8      | Noticed Erica
  7149 | D:8      | Killed Erica
  7157 | D:8      | Reached skill level 1 in Armour
  7539 | D:8      | Found a sparkling altar of Nemelex Xobeh.
  7604 | D:9      | Reached **** piety under Okawaru
  7685 | D:9      | Found a blossoming altar of Fedhas.
  8154 | D:9      | Noticed a two-headed ogre
  8168 | D:9      | Killed a two-headed ogre
  8194 | D:9      | Reached skill level 5 in Fighting
  8251 | D:9      | Reached skill level 5 in Armour
  8427 | D:9      | Found an ornate altar of the Wu Jian Council.
  8428 | D:9      | Found a shimmering blue altar of Sif Muna.
  8511 | D:10     | Entered Level 10 of the Dungeon
  8544 | D:10     | Reached ***** piety under Okawaru
  8573 | D:10     | Noticed a two-headed ogre
  8594 | D:10     | Killed a two-headed ogre
  8594 | D:10     | Reached XP level 11. HP: 25/66 MP: 9/9
  8778 | D:10     | Found Arghiozis's Book Shoppe.
  8783 | D:10     | Noticed Urug
  8935 | D:10     | Received a gift from Okawaru
  9010 | D:10     | Found a runed translucent door.
  9033 | D:10     | Found a basalt altar of Yredelemnul.
  9038 | D:10     | Found a portal to a secret trove of treasure.
  9167 | D:10     | Killed Urug
  9661 | D:11     | Noticed a manticore
  9682 | D:11     | Killed a manticore
  9714 | D:11     | Found a staircase to the Lair.
  9729 | Lair:1   | Entered Level 1 of the Lair of Beasts
  9751 | Lair:1   | Reached skill level 1 in Invocations
  9778 | Lair:1   | Reached skill level 1 in Evocations
  9864 | Lair:1   | Found a burning altar of Makhleb.
  9979 | Lair:1   | Received a gift from Okawaru
 10103 | Lair:1   | Reached XP level 12. HP: 71/75 MP: 13/13
 10216 | Lair:1   | Reached skill level 5 in Invocations
 10523 | Lair:2   | Reached skill level 5 in Evocations
 10595 | Lair:2   | Received a gift from Okawaru
 10603 | Lair:2   | Noticed a six-headed hydra
 10607 | Lair:2   | Noticed a catoblepas
 10609 | Lair:2   | Noticed a death yak
 10612 | Lair:2   | Killed a six-headed hydra
 10616 | Lair:2   | Killed a catoblepas
 10633 | Lair:2   | Killed a death yak
 11166 | Lair:2   | Found a hole to the Spider Nest.
 11690 | Lair:3   | Noticed Gastronok
 11703 | Lair:3   | Killed Gastronok
 11703 | Lair:3   | Reached ****** piety under Okawaru
 11703 | Lair:3   | Reached skill level 10 in Fighting
 11703 | Lair:3   | Reached XP level 13. HP: 30/82 MP: 17/17
 11858 | Lair:3   | Reached skill level 10 in Armour
 12529 | Lair:4   | Received a gift from Okawaru
 12605 | Lair:4   | Got a translucent cloak {god gift}
 12673 | Lair:4   | Identified the +3 cloak of Loss {*Corrode +Blink rPois rC+}
                  | (Okawaru gifted it to you on level 4 of the Lair of Beasts)
 13047 | Lair:4   | Found a basalt altar of Yredelemnul.
 13322 | Lair:4   | Found a staircase to the Swamp.
 13709 | Lair:5   | Found a staircase to the Slime Pits.
 13965 | Lair:5   | Received a gift from Okawaru
 13975 | Lair:5   | Gained mutation: Your large and strong wings let you fly
                  | indefinitely. [Gargoyle growth]
 13975 | Lair:5   | Reached XP level 14. HP: 81/92 MP: 17/17
 14489 | Lair:6   | Entered Level 6 of the Lair of Beasts
 14948 | Lair:6   | Found a large runed translucent door.
 15126 | Lair:6   | Found a large runed translucent door.
 15981 | D:11     | Found a staircase to the Orcish Mines.
 16136 | Orc:1    | Entered Level 1 of the Orcish Mines
 16138 | Orc:1    | Received a gift from Okawaru
 16315 | D:11     | Noticed Fannar
 16367 | D:11     | Killed Fannar
 17427 | Orc:1    | Found a roughly hewn altar of Beogh.
 17431 | Orc:1    | Received a gift from Okawaru
 17643 | Orc:1    | You are sucked into a shaft and drop 1 floor!
 17643 | Orc:2    | Entered Level 2 of the Orcish Mines
 17643 | Orc:2    | Found Pitah's Antique Weapon Emporium.
 17644 | Orc:2    | Found Wosi's Magic Scroll Boutique.
 17644 | Orc:2    | Found Voocod's General Store.
 17644 | Orc:2    | Found Jyzutsuj's Weapon Shop.
 17673 | Orc:2    | Paralysed by an ogre mage for 6 turns
 17685 | Orc:2    | Reached XP level 15. HP: 87/101 MP: 18/18
 17794 | Orc:2    | Reached skill level 15 in Fighting
 17806 | Orc:2    | Bought a scroll of fog for 28 gold pieces
 17806 | Orc:2    | Bought a scroll of blinking for 105 gold pieces
 17806 | Orc:2    | Bought a scroll of fog for 28 gold pieces
 17806 | Orc:2    | Bought a scroll of fog for 28 gold pieces
 17809 | Orc:2    | Bought a scroll of teleportation for 33 gold pieces
 17855 | Orc:2    | Reached skill level 15 in Armour
 18106 | Orc:2    | Noticed an orc warlord
 18140 | Orc:2    | Killed an orc warlord
 18202 | Orc:2    | Noticed an orc warlord
 18234 | Orc:2    | Killed an orc warlord
 18305 | Orc:2    | Found Goexten's Jewellery Shoppe.
 18330 | Orc:2    | Bought an uncursed ring of protection from fire for 250
                  | gold pieces
 18330 | Orc:2    | Bought an uncursed amulet of reflection for 300 gold pieces
 18330 | Orc:2    | Bought a cursed amulet of inaccuracy for 20 gold pieces
 18548 | Orc:2    | Found a staircase to the Elven Halls.
 18568 | Orc:2    | Received a gift from Okawaru
 19106 | D:12     | Found a glowing golden altar of the Shining One.
 19359 | D:12     | Found a gate leading to a gauntlet.
 19370 | Gauntlet | Entered a Gauntlet
 19370 | Gauntlet | Found a transporter.
 19379 | Gauntlet | Found a transporter.
 19397 | Gauntlet | Found a transporter.
 19399 | Gauntlet | Found a transporter.
 19420 | Gauntlet | Found a transporter.
 19433 | Gauntlet | Found a transporter.
 19446 | Gauntlet | Found a transporter.
 19473 | Gauntlet | Found a transporter.
 19473 | Gauntlet | Found a transporter.
 19475 | Gauntlet | Found a runed translucent door.
 19479 | Gauntlet | Found a transporter.
 19499 | Gauntlet | Found a runed translucent door.
 19512 | Gauntlet | Found a transporter.
 19512 | Gauntlet | Found a transporter.
 19683 | Gauntlet | Got a pair of warped gloves
 19694 | Gauntlet | Identified the +1 pair of gloves "Xoasigiap" {rElec rC+}
                  | (You found it in a Gauntlet)
 19739 | Gauntlet | Got an iridescent quarterstaff
 19980 | D:11     | Identified the +3 quarterstaff of Xesoz Dev {elec, Int-4
                  | SInv Stlth+} (You found it in a Gauntlet)
 20714 | D:13     | Found a gate to the Vaults.
 20962 | D:13     | Reached XP level 16. HP: 111/111 MP: 19/19
 21131 | D:13     | Noticed Sonja
 21169 | D:13     | Killed Sonja
 21268 | D:13     | Received a gift from Okawaru
 21562 | D:14     | You are sucked into a shaft and drop 1 floor!
 21562 | D:15     | Entered Level 15 of the Dungeon
 21891 | D:14     | You are sucked into a shaft and drop 1 floor!
 22114 | D:15     | Found a staircase to the Depths.
 22532 | D:14     | Noticed Josephine
 22555 | D:14     | Killed Josephine
 22815 | D:14     | Found Feasadib's Gadget Shoppe.
 22904 | D:14     | Received a gift from Okawaru
 22978 | D:14     | Noticed Nessos
 22995 | D:14     | Killed Nessos
 23896 | Swamp:1  | Entered Level 1 of the Swamp
 23936 | Swamp:1  | Received a gift from Okawaru
 24004 | Swamp:1  | Reached XP level 17. HP: 108/119 MP: 20/20
 24061 | Swamp:1  | Identified a scroll of acquirement
 24061 | Swamp:1  | Acquired a +3 demon whip of electrocution
 24261 | Swamp:1  | Found a runed translucent gate.
 24262 | Swamp:1  | Found a runed translucent gate.
 24263 | Swamp:1  | Found a runed translucent gate.
 24264 | Swamp:1  | Noticed Miweyn Golekk's ghost (adept GnFi)
 24265 | Swamp:1  | Noticed nyroko's ghost (adept DsCj)
 24778 | Swamp:1  | Killed nyroko's ghost
 24796 | Swamp:1  | Killed Miweyn Golekk's ghost
 24969 | Swamp:2  | Received a gift from Okawaru
 25359 | Swamp:2  | Noticed Donald
 25378 | Swamp:2  | Killed Donald
 25905 | Swamp:3  | Noticed Jorgrun
 25930 | Swamp:3  | Killed Jorgrun
 26163 | Swamp:3  | Received a gift from Okawaru
 26843 | Spider:1 | Entered Level 1 of the Spider Nest
 26868 | Spider:1 | Reached skill level 1 in Shields
 27852 | Spider:1 | Received a gift from Okawaru
 27853 | Spider:1 | Found the +5 robe of Night {Dark MR+ SInv}
 27923 | Spider:1 | Reached skill level 5 in Shields
 28179 | Spider:1 | Found a runed translucent door.
 28183 | Spider:1 | Noticed Nycid's ghost (adept CeHu)
 28251 | Spider:1 | Killed Nycid's ghost
 28570 | Spider:2 | Noticed Arachne
 28593 | Spider:2 | Killed Arachne
 28623 | Spider:2 | Reached XP level 18. HP: 113/128 MP: 21/21
 29848 | Spider:3 | Received a gift from Okawaru
 30993 | Swamp:4  | Entered Level 4 of the Swamp
 31140 | Swamp:4  | Reached skill level 10 in Shields
 31540 | Swamp:4  | Received a gift from Okawaru
 31820 | Swamp:4  | Got a decaying rune of Zot
 32316 | Spider:4 | Entered Level 4 of the Spider Nest
 32643 | Spider:4 | Reached XP level 19. HP: 122/133 MP: 23/23
 32933 | Spider:4 | Reached skill level 15 in Maces & Flails
 33030 | Spider:4 | Received a gift from Okawaru
 33046 | Spider:4 | HP: 5/133 [redback (9)]
 33497 | Spider:4 | Got a gossamer rune of Zot
 33948 | Vaults:1 | Entered Level 1 of the Vaults
 35105 | Vaults:1 | Found a large runed translucent door.
 35105 | Vaults:1 | Found a large runed translucent door.
 35105 | Vaults:1 | Noticed SlowGraham's ghost (legendary KoMo)
 35105 | Vaults:1 | Noticed Noofui's ghost (adept GnWz)
 35272 | Vaults:1 | Received a gift from Okawaru
 35291 | Vaults:1 | Found Eleat's Distillery.
 35297 | Vaults:1 | Bought a potion of haste for 170 gold pieces
 35297 | Vaults:1 | Bought a potion of might for 68 gold pieces
 35297 | Vaults:1 | Bought a potion of might for 68 gold pieces
 35297 | Vaults:1 | Bought a potion of might for 68 gold pieces
 35495 | Vaults:2 | Received a gift from Okawaru
 35831 | Vaults:2 | Reached XP level 20. HP: 133/140 MP: 24/24
 37245 | Vaults:3 | Got a scorched lead ring
 37251 | Vaults:3 | Identified the ring of Remolat {rN+ Stlth+} (You found it
                  | on level 3 of the Vaults)
 38028 | Vaults:3 | Received a gift from Okawaru
 38376 | Vaults:3 | Reached XP level 21. HP: 70/149 MP: 25/25
 38545 | Vaults:3 | Received a gift from Okawaru
 38584 | Vaults:3 | Found a staircase to the Crypt.
 39017 | Vaults:3 | You are sucked into a shaft and drop 1 floor!
 39201 | Vaults:4 | Identified the Compendium of Igneous Changing
 40342 | Vaults:4 | Received a gift from Okawaru
 41178 | Depths:1 | Entered Level 1 of the Depths
 41297 | Depths:1 | You are sucked into a shaft and drop 1 floor!
 41308 | Depths:2 | Noticed a caustic shrike
 41315 | Depths:2 | Found a gateway to Hell.
 41326 | Depths:2 | Noticed a juggernaut
 41334 | Depths:2 | Demolished by a juggernaut

Illustrated notes

Levels and vault maps discovered:
D:1:      saegor_arrival_simple_d, layout_loops_corners
D:2:      layout_basic, uniq_terence
D:3:      layout_basic, first_ration, tgw_kikubaaqudgha, uniq_sigmund
D:4:      layout_cave_pods, grunt_gozag_statues,
          minmay_temple_entry_sparse_star, patterned_corridor
D:5:      layout_cave_pools, makhleb_altar_promises_db, vehumet_altar_wand_db,
          uniq_grinder
D:6:      layout_cave_pods
D:7:      layout_basic, trog_ov_bears_minmay, uniq_duvessa
D:8:      layout_rooms, nemelex_lonely_heart_becter, uniq_erica
D:9:      layout_cave_pods, minitemple, fedhas_altar_1
D:10:     layout_irregular_city, enter_trove_1, serial_shops, shop_statue,
          dk_yredelemnul_ordeal, uniq_urug
D:11:     layout_irregular_city, erik_lair_island, david_orc_3, grunt_ogre_cave,
          uniq_fannar
D:12:     layout_long_grid, gauntlet_entry_generic, tso_metal_star
D:13:     four-leaf_vault, layout_irregular_city, david_vaults_4, uniq_sonja
D:14:     layout_irregular_city, serial_shops, shop, minmay_crystal_water,
          uniq_nessos, uniq_josephine
D:15:     grunt_enter_depths_magical_seal, layout_loops_ring,
          chequers_serial_rivers_micro_b, minmay_misc_feat_five,
          kennysheep_kite_vault
Temple:   regret_index_temple_waves
Lair:1:   layout_hall_layers, basic_altar, serial_bayou_pond_e
Lair:2:   layout_gridlike, nicolae_spider_entry_tight_spaces,
          hangedman_lair_generics_rect, lemuel_fruit_tree
Lair:3:   layout_roguey, uniq_gastronok
Lair:4:   beast_lair_carwin_large_4, layout_small_grid, swamp_mist_pool,
          basic_altar, serial_bayou_shore_b
Lair:5:   layout_big_grid, nicolae_slime_entry_slimehenge, serial_bayou_pond_d,
          serial_bayou_pond_c, kennysheep_basilisk_garden, serial_bayou_shore_a
Lair:6:   cheibrodos_lair_end_hotspot, layout_loops_ring,
          eino_small_chamber_without_monster
Swamp:1:  layout_falls_marsh, gammafunk_ghost_cemetery,
          evilmike_swamp_ruin_house_4
Swamp:2:  layout_falls_marsh, nicolae_swamp_treefoil, swamp_pool1, uniq_donald
Swamp:3:  layout_falls_marsh, evilmike_swamp_ruin_house_5, ldierk_geyser,
          infiniplex_staircase_pool, uniq_jorgrun
Swamp:4:  swamp_basic_johnstein, layout_basic_swamp, swamp_pool2
Spider:1: layout_chambers, gammafunk_ghost_grave
Spider:2: layout_spider_delve, nicolae_spider_circle_web, uniq_arachne
Spider:3: layout_chambers
Spider:4: grunt_spider_rune_parallel
Orc:1:    layout_caves, nicolae_orc_sculptors_studio,
          nicolae_orc_flooded_monolith, minmay_orc_temple_b
Orc:2:    st_orc_ogre_mass, layout_caves, serial_shops,
          nicolae_shop_statue_plus, minmay_orc_treasury
Vaults:1: advil_vaults_ghost_guards, ontoclasm_vaults_ligature,
          hangedman_vaults_hat, v_misc_14, v_rooms_2, vaults_dpeg_encased_lava,
          ontoclasm_vaults_tryst, v_pattern_1, nicolae_vaults_mini_display_case,
          vaults_mumra_hexcomb, serial_ice_h, nicolae_vaults_little_squares_2,
          layout_vaults_ring, serial_shops, shop
Vaults:2: st_lines, vaults_mumra_chevron, v_misc_22, v_misc_4,
          hangedman_vaults_restitches, nicolae_vaults_theta, vaults_dpeg_cross,
          v_alt_pattern_3, hangedman_vaults_nails, nicolae_vaults_circle_grid_a,
          ontoclasm_vaults_chip, v_misc_2, vaults_standard_mumra_x,
          layout_vaults_big_room
Vaults:3: minmay_crypt_entry_simple_corners, nicolae_vaults_hallways_thing,
          ontoclasm_vaults_idyll, ontoclasm_vaults_gateway,
          nicolae_vaults_theta, ontoclasm_vaults_eye,
          nicolae_vaults_windows_and_doors_thing, vaults_room_door_hall,
          nicolae_vaults_twisting_passages, hangedman_vaults_impose,
          ontoclasm_vaults_shuriken, vaults_room_hangedman_quadrants,
          vaults_room_hallway, vaults_dpeg_hooks, dpeg_vaults_monster_box,
          layout_vaults_omnibox
Vaults:4: v_misc_8, nicolae_vaults_bisected_inception, grunt_vaults_funnel,
          nicolae_vaults_inception_network, vaults_room_door_ring,
          vaults_room_fours, ontoclasm_vaults_ring_square,
          nicolae_vaults_little_squares_1, v_misc_16, hangedman_vaults_locks,
          nicolae_vaults_network_square, ontoclasm_vaults_decontamination,
          nicolae_vaults_little_squares_6, grunt_vaults_hallway_short,
          vaults_mumra_lcd, layout_vaults_maze_snakey
Depths:1: layout_long_grid, minmay_room_of_horrors, nicolae_two_hexagons,
          hell_entry, minmay_gold_behind_fungi,
          hangedman_abyss_or_decor_lesser_grid, nicolae_elemental_shop,
          dispersion_dpeg, uniq_aizul
Depths:2: minmay_the_grid_square_5x5_5x5 [minmay_the_grid_square_5x5_mess,
          minmay_the_grid_square_5x5_inner_v,
          minmay_the_grid_square_5x5_one_wall, minmay_the_grid_square_5x5_empty,
          minmay_the_grid_square_5x5_detours, minmay_the_grid_square_5x5_lines,
          minmay_the_grid_square_5x5_prize_deathbox,
          minmay_the_grid_square_5x5_empty,
          minmay_the_grid_square_5x5_prize_rear_guard,
          minmay_the_grid_square_5x5_six_small,
          minmay_the_grid_square_5x5_inset,
          minmay_the_grid_square_5x5_misaligned,
          minmay_the_grid_square_5x5_prize_open,
          minmay_the_grid_square_5x5_three_walls,
          minmay_the_grid_square_5x5_bridge, minmay_the_grid_square_5x5_spiral,
          minmay_the_grid_square_5x5_prize_gold,
          minmay_the_grid_square_5x5_pentomino_r,
          minmay_the_grid_square_5x5_prize_snowflake,
          minmay_the_grid_square_5x5_minimal, minmay_the_grid_square_5x5_forky,
          minmay_the_grid_square_5x5_eight_small, minmay_the_grid_square_5x5_n,
          minmay_the_grid_square_5x5_inner_i,
          minmay_the_grid_square_5x5_two_small], layout_twisted_cross,
          hell_entry, infiniplex_staircase_door_maze, minmay_shoptagon

Skill      XL: |  1  2  3  4  5  6  7  8  9 10 11 12 13 14 15 16 17 18 19 20 21 |
---------------+----------------------------------------------------------------+-----
Maces & Flails | 4 5 7 9 11 13 14 16 | 16.0
Armour         | 6 8 9 12 14 16 18 19 20 21 22 | 22.6
Fighting       | 6 8 10 12 14 16 18 19 20 21 22 | 22.7
Invocations    | 4 7 |  7.9
Evocations     | 3 6 7 9 |  9.9
Shields        | 6 10 | 10.0
Throwing       | |  1.7
Dodging        | |  2.4

Action                   |  1- 3 |  4- 6 |  7- 9 | 10-12 | 13-15 | 16-18 | 19-21 || total
-------------------------+-------+-------+-------+-------+-------+-------+-------++-------
Melee: Flail             |    94 |   198 |   474 |   326 |       |       |       ||  1092
       Headbutt          |     9 |     6 |       |       |       |       |       ||    15
       Dire flail        |       |       |       |   463 |  1602 |   936 |       ||  3001
       Unarmed           |       |       |       |     3 |       |       |       ||     3
       Demon whip        |       |       |       |       |       |  1361 |  2443 ||  3804
       Eveningstar       |       |       |       |       |       |    21 |       ||    21
Invok: Heroism           |       |       |       |     2 |     1 |     3 |     3 ||     9
       Finesse           |       |       |       |       |       |     1 |       ||     1
 Abil: Fly               |       |       |       |       |     1 |       |       ||     1
       Evoke Blink       |       |       |       |       |     1 |     1 |     1 ||     3
Evoke: Wand              |       |       |     1 |     4 |     4 |     5 |     2 ||    16
       Box of beasts     |       |       |       |       |       |     2 |       ||     2
  Use: Potion            |     8 |     3 |     2 |     3 |     8 |     1 |     5 ||    30
       Scroll            |     3 |     5 |     3 |     5 |     7 |    10 |     9 ||    42
 Stab: Paralysed         |       |       |       |       |       |     2 |       ||     2
       Confused          |       |       |       |       |       |     1 |       ||     1
       Distracted        |       |       |       |       |       |     1 |       ||     1
  Eat: Chunk             |     1 |     6 |    13 |    16 |    30 |    26 |    23 ||   115
       Ration            |       |       |       |       |     1 |     4 |     2 ||     7
Armor: Leather armour    |    16 |       |       |       |       |       |       ||    16
       Scale mail        |    22 |       |       |       |       |       |       ||    22
       Plate armour      |    11 |   160 |   378 |   584 |  1426 |  1852 |   453 ||  4864
       Fire dragon scale |       |       |       |       |       |       |   915 ||   915
Dodge: Dodged            |    58 |    42 |   151 |   204 |   643 |   708 |   666 ||  2472
       Repelled          |       |       |       |       |       |    14 |       ||    14
Block: Buckler           |       |       |    15 |    49 |       |    18 |       ||    82
       Kite shield       |       |       |       |       |       |   759 |  1309 ||  2068
